 Dungeon Crawl Stone Soup version 0.22.1-1-ga44c0e5 (webtiles) character file.

5521 nightchill the Basher (level 10, -7/61 HPs)
             Began as a Gargoyle Fire Elementalist on Nov 3, 2018.
             Was a Priest of Vehumet.
             Killed from afar by an efreet (27 damage)
             ... with a fireball
             ... on level 9 of the Dungeon.
             The game lasted 00:57:35 (12615 turns).

nightchill the Basher (Gargoyle Fire Elementalist) Turns: 12615, Time: 00:57:36

Health: -7/61      AC: 12    Str: 16    XL:     10   Next: 70%
Magic:  3/13       EV: 27    Int: 19    God:    Vehumet [***...]
Gold:   546        SH:  0    Dex: 12    Spells: 0/14 levels left

rFire    . . .     SeeInvis .   g - +3 whip (holy)
rCold    + . .     Gourm    .   (no shield)
rNeg     + + .     Faith    .   p - +0 robe of Rotation {Str+4 Dex+2}
rPois    ∞         Spirit   .   n - +0 helmet
rElec    +         Reflect  .   (no cloak)
rCorr    .         Harm     .   b - +1 pair of gloves
MR       .....                  (no boots)
Stlth    ++........             q - amulet of the acrobat
HPRegen  0.20/turn              B - ring of protection from cold
MPRegen  0.13/turn              F - ring of positive energy

@: about to teleport
A: negative energy resistance 1, electricity resistance, unbreathing,
petrification resistance, rot immunity, AC +7
a: Renounce Religion


You were on level 9 of the Dungeon.
You worshipped Vehumet.
Vehumet was most pleased with you.
You were not hungry.

You visited 2 branches of the dungeon, and saw 10 of its levels.

You collected 546 gold pieces.

Inventory:

Hand Weapons
 g - a +3 whip of holy wrath (weapon)
 o - a +0 hunting sling
 y - a +0 hunting sling
Missiles
 e - 265 stones (quivered)
 s - 204 arrows
 D - 52 sling bullets
Armour
 a - a +0 robe
 b - a +1 pair of gloves (worn)
 n - a +0 helmet (worn)
 p - the +0 robe of Rotation (worn) {Str+4 Dex+2}
   (You found it on level 5 of the Dungeon)

   It affects your strength (+4).
   It affects your dexterity (+2).
 w - a +0 helmet
Jewellery
 d - an uncursed amulet of rage
 f - an uncursed ring of stealth
 q - an amulet of the acrobat (around neck)
 v - an uncursed ring of resist corrosion
 B - a ring of protection from cold (left hand)
 F - a ring of positive energy (right hand)
Wands
 m - a wand of polymorph (12)
 x - a wand of random effects (39)
Scrolls
 h - 3 scrolls of remove curse
 l - 2 scrolls of amnesia
 t - a scroll of enchant weapon
 u - 4 scrolls of teleportation
 z - 2 scrolls of fear
 A - 2 scrolls of random uselessness {unknown}
 E - 2 scrolls of identify
Potions
 i - 7 potions of curing
 j - 2 potions of haste
 k - 2 potions of agility {unknown}
 r - a potion of experience {unknown}
 C - a potion of ambrosia {unknown}
Comestibles
 c - 15 rations


   Skills:
 - Level 6.3 Fighting
 - Level 8.3 Maces & Flails
 - Level 1.5 Dodging
 - Level 2.1 Stealth
 - Level 2.5 Spellcasting
 - Level 5.6 Conjurations
 + Level 6.4 Summonings
 - Level 5.9 Fire Magic
 + Level 4.5 Air Magic


You couldn't memorise any spells.
You knew the following spells:

 Your Spells              Type           Power        Failure   Level  Hunger
a - Ignite Poison         Fire/Tmut/Pois #.......     6%          3    ###....
b - Conjure Flame         Conj/Fire      ###.....     1%          3    ###....
c - Sticky Flame          Conj/Fire      ###.....     4%          4    #####..
d - Summon Lightning Spi  Summ/Air       ###.....     17%         4    #####..

Your spell library contained the following spells:

 Spells                   Type           Power        Failure   Level  Hunger
 Flame Tongue             Conj/Fire      ###..        1%          1    #......
 Magic Dart               Conj           ###.         1%          1    #......
 Summon Small Mammal      Summ           ####         1%          1    #......
 Call Imp                 Summ           ####....     1%          2    ##.....
 Searing Ray              Conj           ###...       1%          2    ##.....
 Throw Flame              Conj/Fire      ###...       1%          2    ##.....
 Call Canine Familiar     Summ           ####....     3%          3    ###....
 Dazzling Spray           Conj/Hex       ##....       4%          3    ###....
 Inner Flame              Hex/Fire       ##......     4%          3    ###....
 Iskenderun's Mystic Bla  Conj           ###.....     4%          4    #####..
 Fireball                 Conj/Fire      ###.......   11%         5    ######.
 Summon Guardian Golem    Hex/Summ       ##......     13%         3    ###....
 Force Lance              Conj/Tloc      ##......     13%         4    #####..
 Fulminant Prism          Conj/Hex       ##........   13%         4    #####..
 Summon Ice Beast         Ice/Summ       ##......     38%         4    #####..


Dungeon Overview and Level Annotations

Branches:
Dungeon (9/15)             Temple (1/1) D:5
   Lair: D:8-11         Orc: D:9-12

Altars:
Ashenzari
Cheibriados
Elyvilon
Kikubaaqudgha
Makhleb
Okawaru
Qazlal
Ru
Sif Muna
Vehumet
Xom
Yredelemnul
The Shining One

Shops:
D:4 *   D:7 %

Annotations:
D:8 exclusion: downstairs
D:9 exclusion: door


Innate Abilities, Weirdness & Mutations

You are resistant to torment.
Your stone body is resilient. (AC +7)
You are immune to poison.
You resist negative energy. (rN+)
You are resistant to electric shocks. (rElec)
You can survive without breathing.
You are immune to petrification.
You are immune to rotting.


Message History

You hit Harold but do no damage.
Harold is severely wounded.
Harold burns!
Harold stops burning.
Harold barely misses you.
Okay, then.
Okay, then.
Casting: Sticky Flame (safe; 4% risk of failure)
Confirm with . or Enter, or press ? or * to list all spells.
Aiming: Sticky Flame (safe; 4% risk of failure)
Press: ? - help, Shift-Dir - straight line, f/p - Harold
Aim: Harold, wielding a mace of protection and wearing a runed chain mail The sticky flame hits Harold.
Harold is almost dead.
Harold is covered in liquid flames!
Harold burns!
As you read the scroll of teleportation, it crumbles to dust.
You feel strangely unstable.
Harold burns!
You kill Harold!
Vehumet accepts your kill. The efreet gestures at you.
The fireball explodes!
The fireball engulfs you!
You die...

.# #........#
#............. .#
#........# #.............
.# #........#
#............. .#
#........# #.............
.# #........#
#............. .#
#........# #...o.........
.# #........#
#............. .#
#........###8............
###
#...........@...(........
#_#
#......§§§R)).(.(.(.(....
#.#
#......5#####............
#.###......§#
#............
....#.......#
#............
....#.......# #..........
....#.......# #.........
....#.......# #.........
....#.......# #.........


You could see an efreet, an orc warrior, a shadow imp and a friendly lightning
spire.

Vanquished Creatures
  Harold (D:9)
  A two-headed ogre (D:8)
  A hippogriff (D:7)
  A wyvern (D:8)
  A hungry ghost (D:8)
  2 black bears
  4 sky beasts
  2 orc warriors (D:8)
  2 phantoms (D:9)
  3 ogres
  3 centaurs
  7 bullfrogs
  A wyvern zombie (D:7)
  A water moccasin zombie (D:7)
  A wyvern skeleton (D:7)
  6 scorpions
  7 killer bees (D:7)
  2 howler monkeys
  6 crimson imps
  A quasit (D:9)
  3 orc priests
  A bullfrog skeleton (D:9)
  5 hounds
  6 orc wizards
  2 iguanas (D:9)
  2 worker ants
  2 hound zombies
  3 hound skeletons
  A howler monkey zombie (D:7)
  Robin (D:3)
  4 gnolls (D:4)
  12 adders
  A shadow imp (D:9)
  2 oozes
  An adder skeleton (D:9)
  3 adder zombies
  4 worms
  3 dart slugs
  5 leopard geckos
  36 orcs
  2 ball pythons (D:3)
  3 bats
  4 giant cockroaches
  2 gnoll zombies (D:9)
  25 goblins
  11 hobgoblins
  6 jackals
  9 kobolds
  8 quokkas
  5 frilled lizards
  12 rats
  2 fungi (D:6)
239 creatures vanquished.

Vanquished Creatures (others)
  A jelly (D:9)
  An adder skeleton (D:9)
  A fire vortex (D:9)
3 creatures vanquished.

Grand Total: 242 creatures vanquished

Notes
Turn   | Place    | Note
-------+----------+-------------------------------------------
     0 | D:1      | nightchill the Gargoyle Fire Elementalist began the quest
                  | for the Orb.
     0 | D:1      | Reached XP level 1. HP: 10/10 MP: 3/3
   422 | D:1      | Reached XP level 2. HP: 15/15 MP: 3/5
  1017 | D:1      | Reached XP level 3. HP: 19/19 MP: 4/6
  1022 | D:1      | Learned a level 3 spell: Conjure Flame
  1837 | D:2      | Reached XP level 4. HP: 18/24 MP: 3/7
  2911 | D:3      | Reached XP level 5. HP: 28/28 MP: 8/8
  2922 | D:3      | Learned a level 4 spell: Sticky Flame
  3756 | D:3      | Reached skill level 5 in Fire Magic
  3837 | D:3      | Noticed Robin
  3848 | D:3      | Reached XP level 6. HP: 32/32 MP: 9/9
  3869 | D:3      | Killed Robin
  4671 | D:3      | Reached skill level 5 in Conjurations
  5021 | D:4      | Found Sokhuh's Assorted Antiques.
  5086 | D:5      | Entered Level 5 of the Dungeon
  5119 | D:5      | Found a staircase to the Ecumenical Temple.
  5125 | Temple   | Entered the Ecumenical Temple
  5143 | Temple   | Became a worshipper of Vehumet
  5194 | D:5      | Reached XP level 7. HP: 33/36 MP: 5/10
  5304 | D:5      | Learned a level 1 spell: Summon Small Mammal
  5349 | D:5      | Found a stormy altar of Qazlal.
  5376 | D:5      | Got a colourful robe
  5390 | D:5      | Identified the +0 robe of Rotation {Str+4 Dex+2} (You found
                  | it on level 5 of the Dungeon)
  5722 | D:5      | Reached skill level 1 in Maces & Flails
  5729 | D:5      | Reached skill level 1 in Fighting
  5901 | D:5      | Reached skill level 1 in Summonings
  5904 | D:5      | Reached skill level 2 in Maces & Flails
  6582 | D:6      | Reached skill level 3 in Maces & Flails
  6582 | D:6      | Reached XP level 8. HP: 44/44 MP: 11/11
  7115 | D:7      | Reached skill level 4 in Maces & Flails
  7356 | D:7      | Noticed a hippogriff
  7382 | D:7      | Killed a hippogriff
  7382 | D:7      | Reached * piety under Vehumet
  7382 | D:7      | Offered knowledge of Shock by Vehumet.
  7518 | D:7      | Reached skill level 5 in Maces & Flails
  8067 | D:7      | Reached XP level 9. HP: 50/52 MP: 7/12
  8078 | D:7      | Reached skill level 6 in Maces & Flails
  8167 | D:7      | Identified a scroll of acquirement
  8281 | D:7      | Learned a level 4 spell: Summon Lightning Spire
  8813 | D:7      | Found Xineetz's Food Shoppe.
  8927 | D:7      | Reached skill level 1 in Air Magic
  9076 | D:8      | Reached skill level 5 in Fighting
  9392 | D:8      | Found a shimmering altar of Xom.
  9434 | D:8      | Found a sacrificial altar of Ru.
  9572 | D:8      | Found a glowing golden altar of the Shining One.
  9575 | D:8      | Found an iron altar of Okawaru.
  9575 | D:8      | Found a burning altar of Makhleb.
  9595 | D:8      | Reached skill level 7 in Maces & Flails
  9678 | D:8      | Offered knowledge of Throw Frost by Vehumet.
  9686 | D:8      | Reached ** piety under Vehumet
 10268 | D:8      | Reached XP level 10. HP: 42/60 MP: 5/13
 10482 | D:8      | Noticed a two-headed ogre
 10495 | D:8      | Killed a two-headed ogre
 10495 | D:8      | Reached skill level 8 in Maces & Flails
 10495 | D:8      | Reached skill level 5 in Summonings
 10796 | D:9      | Found a basalt altar of Yredelemnul.
 11498 | D:9      | Offered knowledge of Ignite Poison by Vehumet.
 11822 | D:9      | Learned a level 3 spell: Ignite Poison
 11947 | D:9      | Reached *** piety under Vehumet
 12348 | D:9      | Noticed Harold
 12614 | D:9      | Killed Harold
 12615 | D:9      | Killed from afar by an efreet

Skill      XL: |  1  2  3  4  5  6  7  8  9 10 |
---------------+-------------------------------+-----
Conjurations   | 2 3 4 5 |  5.6
Fire Magic     | 4 5 |  5.9
Maces & Flails | 3 5 7 8 |  8.3
Fighting       | 2 4 5 6 |  6.3
Summonings     | 1 3 4 6 |  6.4
Air Magic      | 2 4 |  4.5
Dodging        | |  1.5
Stealth        | |  2.1
Spellcasting   | |  2.5

Action                   |  1- 3 |  4- 6 |  7- 9 | 10-12 || total
-------------------------+-------+-------+-------+-------++-------
Melee: Whip              |    46 |   129 |   346 |   148 ||   669
       Unarmed           |     5 |       |       |       ||     5
Throw: Stone             |     7 |    12 |    34 |    11 ||    64
 Cast: Flame Tongue      |    40 |    98 |    18 |     1 ||   157
       Sticky Flame      |       |    11 |    37 |    21 ||    69
       Conjure Flame     |       |     5 |     2 |       ||     7
       Summon Lightning  |       |       |       |     2 ||     2
Evoke: Wand              |       |     5 |       |       ||     5
  Use: Scroll            |       |     8 |     6 |     5 ||    19
 Stab: Sleeping          |     3 |     2 |     1 |     1 ||     7
       Paralysed         |       |     2 |       |       ||     2
       Distracted        |       |       |       |     1 ||     1
  Eat: Chunk             |     4 |    15 |    26 |     9 ||    54
       Ration            |       |       |       |     2 ||     2
Armor: Robe              |    23 |    69 |   123 |    49 ||   264
Dodge: Dodged            |    43 |   127 |   187 |   106 ||   463
